[Event "360 One Wealth GP-4 2024"]
[Site "Mumbai"]
[Date "2024.03.15"]
[Round "5.7"]
[White "Soni Atharv"]
[Black "Agraval, Shravana"]
[Result "1-0"]
[ECO "B76"]
[WhiteElo "1684"]
[BlackElo "1540"]
[Annotator "NA RC"]
[PlyCount "87"]
[EventDate "2024.03.10"]
[EventCountry "IND"]
[SourceTitle "playchess.com"]
[Source "ChessBase"]
[SourceQuality "1"]
[TimeControl "5400+30"]

1. e4 c5 2. Nf3 d6 3. d4 cxd4 4. Nxd4 Nf6 5. Nc3 g6 6. f3 Bg7 7. Be3 Nc6 8. Qd2 O-O 9. O-O-O d5 10. exd5 Nxd5 11. Nxc6 bxc6 12. Bd4 Bb7 13. Bxg7 Kxg7 14. h4 h5 15. g4 Rh8 16. Bc4 e6 17. Ne4 Qe7 18. g5 Rhd8 19. f4 e5 20. fxe5 Qxe5 21. Bxd5 Rxd5 22. Qc3 Qxc3 23. Nxc3 Rdd8 24. Rhe1 Rxd1+ 25. Rxd1 a5 26. Ne4 Bc8 27. Rd8 Bb7 28. Rd7 Bc8 29. Rd8 Bb7 30. Rxa8 Bxa8 31. Kd2 Bb7 32. Kc3 Kf8 33. Kd4 Ke7 34. Kc5 Ke6 35. Kb6 Bc8 36. Kxc6 Ke5 37. Nd6 Be6 38. Nb7 Kf4 39. Nxa5 Kg4 40. b4 Kxh4 41. b5 Kxg5 42. b6 Bg4 43. Kc7 Bf3 44. Nc6 1-0

[Event "360 One Wealth GP-4 2024"]
[Site "Mumbai"]
[Date "2024.03.15"]
[Round "5.8"]
[White "Muthe Dhruv"]
[Black "Soni Deepak R"]
[Result "1-0"]
[ECO "B10"]
[WhiteElo "1539"]
[BlackElo "1681"]
[Annotator "NA RC"]
[PlyCount "95"]
[EventDate "2024.03.10"]
[EventCountry "IND"]
[SourceTitle "playchess.com"]
[Source "ChessBase"]
[SourceQuality "1"]
[TimeControl "5400+30"]

1. e4 c6 2. d3 d5 3. Nd2 e5 4. Ngf3 Bd6 5. d4 Qe7 6. Bd3 Bg4 7. O-O Qc7 8. exd5 exd4 9. Qe1+ Ne7 10. dxc6 Nbxc6 11. h3 Bh5 12. Be2 Bg6 13. Qd1 O-O 14. Nb3 Rfd8 15. Nbxd4 Nxd4 16. Nxd4 Qb6 17. c3 Bc5 18. Qb3 Bxd4 19. cxd4 Qxb3 20. axb3 Rxd4 21. Be3 Rdd8 22. Bxa7 h6 23. Bf3 Bd3 24. Rfd1 Nc6 25. Bb6 Rxa1 26. Rxa1 Re8 27. Rc1 Re6 28. Be3 Be4 29. Be2 Re5 30. Rc4 Bd5 31. Rc3 Be4 32. f3 Bf5 33. Kf2 Be6 34. Bc5 Bxb3 35. Rxb3 Rxc5 36. Rxb7 Rc2 37. Ke3 g6 38. b4 Rc3+ 39. Kd2 Rb3 40. b5 Rb2+ 41. Kc3 Rxe2 42. bxc6 Re6 43. c7 Rc6+ 44. Kb4 Kg7 45. Kb5 Rc2 46. Kb6 Kf6 47. Ka7 Ke6 48. Kb8 1-0

[Event "360 One Wealth GP-4 2024"]
[Site "Mumbai"]
[Date "2024.03.15"]
[Round "5.9"]
[White "Butala Krish"]
[Black "Pasbola Samvid"]
[Result "0-1"]
[ECO "B90"]
[WhiteElo "1659"]
[BlackElo "1538"]
[Annotator "NA RC"]
[PlyCount "98"]
[EventDate "2024.03.10"]
[EventCountry "IND"]
[SourceTitle "playchess.com"]
[Source "ChessBase"]
[SourceQuality "1"]
[TimeControl "5400+30"]

1. e4 c5 2. Nf3 d6 3. d4 cxd4 4. Nxd4 Nf6 5. Nc3 a6 6. Be3 e5 7. Nb3 Be6 8. f3 Be7 9. Qd2 Nc6 10. Nd5 Bxd5 11. exd5 Nb8 12. c4 Nbd7 13. Na5 Qc7 14. Bd3 h5 15. b4 g6 16. O-O Rg8 17. Rfc1 g5 18. Bxg5 Ne4 19. fxe4 Bxg5 20. Qf2 Bxc1 21. Rxc1 Nf8 22. Qe3 Ng6 23. Qg5 Qb6+ 24. c5 Qxb4 25. Nc4 Qxc5+ 26. Kh1 b5 27. Nxe5 Qd4 28. Nxf7 Kxf7 29. Qf5+ Kg7 30. e5 Kh6 31. Be2 Qxe5 32. Qd3 Rae8 33. Bf1 Qe3 34. Qb1 Nf4 35. Rc7 Qe4 36. Qb2 Qxg2+ 37. Qxg2 Nxg2 38. Rc6 Re1 39. Rxd6+ Kh7 40. Rd7+ Kh8 41. Kg1 Ne3+ 42. Kf2 Rxf1+ 43. Kxe3 Ra1 44. Ke4 Rxa2 45. Ke5 Rxh2 46. d6 Re2+ 47. Kf6 Rc2 48. Re7 Rcc8 49. Re5 Rcf8+ 0-1

[Event "360 One Wealth GP-4 2024"]
[Site "Mumbai"]
[Date "2024.03.15"]
[Round "5.10"]
[White "Nirvaan Nirav Shah"]
[Black "Vihaan Ravi Rao"]
[Result "0-1"]
[ECO "B22"]
[WhiteElo "1625"]
[BlackElo "1532"]
[Annotator "NA RC"]
[PlyCount "84"]
[EventDate "2024.03.10"]
[EventCountry "IND"]
[SourceTitle "playchess.com"]
[Source "ChessBase"]
[SourceQuality "1"]
[TimeControl "5400+30"]

1. e4 c5 2. c3 d6 3. d4 cxd4 4. cxd4 Nf6 5. Nc3 a6 6. a4 b6 7. Nf3 Bb7 8. Bd3 e6 9. O-O Be7 10. h3 Nbd7 11. Be3 O-O 12. Nd2 Rc8 13. f4 e5 14. fxe5 dxe5 15. d5 Bc5 16. Bxc5 Nxc5 17. Qe2 Nxd3 18. Qxd3 Nh5 19. Qe3 Nf4 20. Nf3 f6 21. Rac1 Rf7 22. Kh2 Qd6 23. g3 Ng6 24. Rfd1 Rc5 25. Nd2 Bc8 26. b3 Qd7 27. g4 Nf4 28. Nc4 Rxc4 29. bxc4 h5 30. Rg1 hxg4 31. hxg4 g5 32. Rg3 Rh7+ 33. Kg1 Rh4 34. Qf3 Qh7 35. Nd1 Nh3+ 36. Kf1 Qe7 37. Ne3 Nf4 38. Nf5 Bxf5 39. gxf5 Qc5 40. Rg4 Rh3 41. Rg3 Rh2 42. Rg1 Nd3 0-1

[Event "360 One Wealth GP-4 2024"]
[Site "Mumbai"]
[Date "2024.03.15"]
[Round "5.11"]
[White "Shravan Balram"]
[Black "Arjun Singh"]
[Result "0-1"]
[ECO "B76"]
[WhiteElo "1488"]
[BlackElo "1602"]
[Annotator "NA RC"]
[PlyCount "134"]
[EventDate "2024.03.10"]
[EventCountry "IND"]
[SourceTitle "playchess.com"]
[Source "ChessBase"]
[SourceQuality "1"]
[TimeControl "5400+30"]

1. e4 c5 2. Nf3 Nc6 3. Nc3 g6 4. d4 cxd4 5. Nxd4 Bg7 6. Be3 Nf6 7. Bc4 O-O 8. Nxc6 bxc6 9. f3 d6 10. Qd2 c5 11. Bh6 Rb8 12. Bxg7 Kxg7 13. Rb1 e6 14. O-O Rb4 15. Qd3 d5 16. exd5 exd5 17. Bxd5 Rd4 18. Qb5 Nxd5 19. Qxc5 Qb6 20. Qxb6 axb6 21. Nxd5 Rxd5 22. Rfd1 Ra5 23. a3 Bf5 24. Rd6 Rb5 25. Rc6 Ra8 26. g4 Be6 27. Rc3 Rd8 28. b4 Re5 29. Rf1 Rd2 30. Rf2 Re1+ 31. Kg2 Rdd1 32. Kg3 g5 33. Rc6 b5 34. Rc5 Rd5 35. Rxd5 Bxd5 36. Rd2 Bc4 37. Rd6 Re3 38. Ra6 Be2 39. Kf2 Re5 40. Ra5 Bc4 41. a4 Re2+ 42. Kg3 Rxc2 43. axb5 Bf1 44. f4 gxf4+ 45. Kxf4 Rxh2 46. b6 Rb2 47. Ra4 Bg2 48. Ke5 Bc6 49. b7 Bxb7 50. Kd6 Bc8 51. g5 Kg6 52. Ke7 Be6 53. Kf8 Kxg5 54. Kg7 h5 55. Ra5+ f5 56. Ra6 Rxb4 57. Rxe6 Rb7+ 58. Kg8 h4 59. Re3 f4 60. Re5+ Kg4 61. Re4 h3 62. Re2 f3 63. Re1 f2 64. Rf1 Kg3 65. Rh1 h2 66. Rd1 Kg2 67. Rd5 h1=Q 0-1

[Event "360 One Wealth GP-4 2024"]
[Site "Mumbai"]
[Date "2024.03.15"]
[Round "5.12"]
[White "Shraddha Naresh Padvekar"]
[Black "Prranamya S Panagaonkar"]
[Result "0-1"]
[ECO "A45"]
[WhiteElo "1579"]
[BlackElo "1471"]
[Annotator "NA RC"]
[PlyCount "108"]
[EventDate "2024.03.10"]
[EventCountry "IND"]
[SourceTitle "playchess.com"]
[Source "ChessBase"]
[SourceQuality "1"]
[TimeControl "5400+30"]

1. d4 Nf6 2. Bf4 g6 3. Nd2 Bg7 4. e4 d6 5. h3 Nc6 6. c3 e5 7. dxe5 dxe5 8. Bh2 O-O 9. Ngf3 Re8 10. Bc4 Be6 11. Qc2 Bxc4 12. Nxc4 Nh5 13. O-O Qf6 14. Ne3 Rac8 15. Nd5 Qd6 16. Rad1 Qc5 17. b4 Qc4 18. Nd2 Qa6 19. a4 Ne7 20. Ne3 Qe6 21. Nf3 h6 22. Ng4 f6 23. Qd2 Kh7 24. Qd7 Qxd7 25. Rxd7 Nf4 26. Bxf4 exf4 27. e5 fxe5 28. Ngxe5 Bf6 29. Rfd1 a5 30. b5 Kg8 31. c4 g5 32. Ng4 Bg7 33. Re1 Ng6 34. Rxe8+ Rxe8 35. Rxc7 Re7 36. Rc8+ Kf7 37. b6 Rd7 38. Ra8 Rd1+ 39. Kh2 Rd6 40. c5 Rd5 41. Rxa5 h5 42. Ne3 fxe3 43. fxe3 g4 44. Nd4 Be5+ 45. Kg1 Bxd4 46. exd4 g3 47. Kf1 Nf4 48. Ra7 Rxd4 49. Ke1 Nxg2+ 50. Ke2 Nf4+ 51. Kf3 g2 52. Rxb7+ Kf6 53. c6 g1=Q 54. Rc7 Qg2+ 0-1

[Event "360 One Wealth GP-4 2024"]
[Site "Mumbai"]
[Date "2024.03.15"]
[Round "5.13"]
[White "Sriharsh Shibu Nair"]
[Black "Vivek Ashok Jadhav"]
[Result "0-1"]
[ECO "A47"]
[WhiteElo "1455"]
[BlackElo "1559"]
[Annotator "NA RC"]
[PlyCount "66"]
[EventDate "2024.03.10"]
[EventCountry "IND"]
[SourceTitle "playchess.com"]
[Source "ChessBase"]
[SourceQuality "1"]
[TimeControl "5400+30"]

1. d4 Nf6 2. Bf4 g6 3. Nf3 Bg7 4. e3 b6 5. Nbd2 Bb7 6. c4 O-O 7. Be2 d6 8. O-O Nbd7 9. Qc2 c5 10. Rad1 cxd4 11. exd4 Rc8 12. b3 b5 13. Qb1 b4 14. Rfe1 Re8 15. Bd3 Nf8 16. Ne4 Ne6 17. Bg3 Qb6 18. d5 Nc5 19. Nxc5 Qxc5 20. Nd2 a5 21. Ne4 Nxe4 22. Bxe4 Bc3 23. Re2 a4 24. Bf4 axb3 25. axb3 Ra8 26. Be3 Qc7 27. Bd4 Ra1 28. Qd3 Rea8 29. Bxc3 bxc3 30. Ree1 Rxd1 31. Rxd1 Qa5 32. Rc1 Qb4 33. Qxc3 Qxc3 0-1

[Event "360 One Wealth GP-4 2024"]
[Site "Mumbai"]
[Date "2024.03.15"]
[Round "5.14"]
[White "Khanak Paharia"]
[Black "Isaiah Chris Nazareth"]
[Result "0-1"]
[ECO "E94"]
[WhiteElo "1492"]
[BlackElo "1698"]
[Annotator "NA RC"]
[PlyCount "72"]
[EventDate "2024.03.10"]
[EventCountry "IND"]
[SourceTitle "playchess.com"]
[Source "ChessBase"]
[SourceQuality "1"]
[TimeControl "5400+30"]

1. Nf3 Nf6 2. d4 g6 3. c4 Bg7 4. Nc3 O-O 5. e4 d6 6. Be2 Nbd7 7. O-O e5 8. dxe5 dxe5 9. Bd3 c6 10. h3 Qe7 11. Qc2 Nc5 12. Rd1 Ne8 13. Be3 Ne6 14. Bf1 f5 15. Bc1 f4 16. b3 h5 17. Bb2 g5 18. Ne2 Qc7 19. c5 Bf6 20. g4 fxg3 21. Nxg3 Nf4 22. Nf5 Ng7 23. Nd6 Bxh3 24. Nxe5 Bxf1 25. Rxf1 Bxe5 26. Bxe5 Qd7 27. f3 g4 28. fxg4 Qxg4+ 29. Kh1 Ne2 30. Qd3 h4 31. Rae1 Ng3+ 32. Bxg3 hxg3 33. Kg2 Rf2+ 34. Rxf2 gxf2+ 35. Kxf2 Rf8+ 36. Ke3 Rf3+ 0-1

[Event "360 One Wealth GP-4 2024"]
[Site "Mumbai"]
[Date "2024.03.15"]
[Round "5.15"]
[White "Sathiesh Kumaar L"]
[Black "Sunil, Vaidya"]
[Result "0-1"]
[ECO "B03"]
[WhiteElo "1497"]
[BlackElo "1640"]
[Annotator "NA RC"]
[PlyCount "131"]
[EventDate "2024.03.10"]
[EventCountry "IND"]
[SourceTitle "playchess.com"]
[Source "ChessBase"]
[SourceQuality "1"]
[TimeControl "5400+30"]

1. e4 Nf6 2. e5 Nd5 3. c4 Nb6 4. d4 d6 5. f4 g6 6. Nc3 Bg7 7. Be3 O-O 8. c5 N6d7 9. Bc4 dxe5 10. fxe5 Nc6 11. h4 Na5 12. Be2 e6 13. h5 f6 14. hxg6 hxg6 15. Bd3 fxe5 16. Bxg6 Rf5 17. Bxf5 exf5 18. dxe5 Qe7 19. Qd5+ Kf8 20. Nf3 c6 21. Qd6 Qxd6 22. cxd6 Nc4 23. Bh6 Ndxe5 24. Bxg7+ Kxg7 25. Nxe5 Nxe5 26. O-O-O Bd7 27. b3 b5 28. Rh4 Rh8 29. Rxh8 Kxh8 30. Re1 Nd3+ 31. Kd2 Nxe1 32. Kxe1 Kg7 33. b4 Kf6 34. g3 Ke5 35. a3 Kxd6 36. Kd2 c5 37. Ke3 cxb4 38. axb4 Ke5 39. Kd3 Bc6 40. Ke3 a6 41. Kd3 Bg2 42. Ke3 Bf1 43. Nd1 Kd5 44. Nb2 Bc4 45. Nd3 Kd6 46. Nf4 Ke5 47. Ng6+ Kf6 48. Nf4 Kg5 49. Kf3 a5 50. bxa5 b4 51. Nh3+ Kf6 52. Ke3 Ke5 53. Kd2 Kd4 54. Ng5 Bd5 55. a6 Kc5 56. Kc1 Kb6 57. a7 Kxa7 58. Kb2 Kb6 59. Nh3 Kc5 60. Ng1 Kd4 61. Ne2+ Ke3 62. Nf4 Bf7 63. Ng2+ Kf3 64. Nh4+ Kg4 65. Ng2 Kxg3 66. Ne1 0-1

[Event "360 One Wealth GP-4 2024"]
[Site "Mumbai"]
[Date "2024.03.16"]
[Round "6.1"]
[White "Kulkarni, Vikramaditya"]
[Black "Mishra Sanjeev"]
[Result "1-0"]
[ECO "C69"]
[WhiteElo "2192"]
[BlackElo "1833"]
[Annotator "RC"]
[PlyCount "57"]
[EventDate "2024.03.10"]
[EventCountry "IND"]
[SourceTitle "playchess.com"]
[Source "ChessBase"]
[SourceQuality "1"]
[TimeControl "5400+30"]

1. e4 e5 2. Nf3 Nc6 3. Bb5 a6 4. Bxc6 dxc6 5. O-O f6 6. d4 exd4 7. Nxd4 c5 8. Nb3 Qxd1 9. Rxd1 b6 10. Bf4 Ra7 11. Nc3 g5 12. Bg3 Be6 13. a4 h5 14. a5 b5 15. f3 Rb7 16. Nd5 Rh7 17. Bf2 c4 18. Nc5 Bxc5 19. Bxc5 Bxd5 20. Rxd5 Ne7 21. Bxe7 Rxe7 22. Rad1 Rb8 23. h4 Rg7 24. hxg5 fxg5 25. Re5+ Kf8 26. Rdd5 Re8 27. Rxg5 Rxg5 28. Rxg5 Rd8 29. Rd5 1-0

[Event "360 One Wealth GP-4 2024"]
[Site "Mumbai"]
[Date "2024.03.16"]
[Round "6.2"]
[White "Guru Prakash"]
[Black "Iyer Arvind"]
[Result "1-0"]
[ECO "C40"]
[WhiteElo "1794"]
[BlackElo "1897"]
[Annotator "NA RC"]
[PlyCount "95"]
[EventDate "2024.03.10"]
[EventCountry "IND"]
[SourceTitle "playchess.com"]
[Source "ChessBase"]
[SourceQuality "1"]
[TimeControl "5400+30"]

1. e4 e5 2. Nf3 d5 3. d4 dxe4 4. Nxe5 Nd7 5. Nxd7 Qxd7 6. c4 {[%emt 0:00:40] C40: Latvian and Elephant Gambits.} Nf6 7. Nc3 Be7 8. Be3 O-O 9. Be2 b6 10. Qc2 Bb7 11. h3 Bb4 12. O-O-O Bxc3 13. Qxc3 b5 14. Bg5 Qf5 15. Qe3 bxc4 16. g4 Qe6 17. Bxf6 Qxf6 18. Bxc4 Rab8 19. Kb1 Rfd8 20. Rd2 a5 21. Rc1 Qd6 22. Rcc2 Rd7 23. d5 Re7 {[%emt 0:01:57] [#]} 24. Qa7 $1 Ree8 25. Qxa5 Ra8 26. Qc3 Rad8 27. Qe3 Qe5 28. a3 (28. Qb3 $18 Ba8 29. d6) 28... h6 29. Qa7 Bxd5 30. Bxd5 Rxd5 31. Rxd5 Qxd5 32. Qxc7 ({Schlechter ist} 32. Rxc7 Qd3+ 33. Ka2 Qxh3 $11) 32... e3 33. fxe3 $16 Qh1+ 34. Ka2 Qxh3 35. Rf2 Rf8 36. Qf4 Qh4 37. Rc2 Qe7 38. Rc7 Qe6+ 39. Qc4 Qxe3 40. Rc8 g6 41. a4 h5 42. gxh5 gxh5 43. Rc5 Qh6 44. Rf5 Qg6 45. Qd5 Qe6 46. Qxe6 fxe6 47. Rxf8+ Kxf8 48. a5 1-0

[Event "360 One Wealth GP-4 2024"]
[Site "Mumbai"]
[Date "2024.03.16"]
[Round "6.3"]
[White "Arnav Mahesh Koli"]
[Black "Shah Mihir"]
[Result "1/2-1/2"]
[ECO "C11"]
[WhiteElo "1857"]
[BlackElo "1764"]
[Annotator "NA RC"]
[PlyCount "88"]
[EventDate "2024.03.10"]
[EventCountry "IND"]
[SourceTitle "playchess.com"]
[Source "ChessBase"]
[SourceQuality "1"]
[TimeControl "5400+30"]

1. e4 e6 2. d4 d5 3. Nc3 Nf6 4. e5 Nfd7 5. f4 c5 6. Nf3 Nc6 7. Be3 cxd4 8. Nxd4 Bc5 9. Ncb5 {[%emt 0:05:56] C11: French: Classical System: 4 e5 and 4 Bg5 dxe4.} O-O 10. c3 Rb8 11. b4 Be7 12. a4 a5 13. bxa5 Nxa5 14. Bd3 Nc5 15. O-O Nc4 16. Qe2 Nxd3 17. Qxd3 f6 18. Nf3 Bd7 19. exf6 Bxf6 20. Bc5 Re8 21. Bd4 Bxb5 22. axb5 Nd6 23. g4 Ne4 24. g5 Bxd4+ 25. cxd4 Qb6 26. Ne5 Rbc8 27. Ra3 Rc7 28. Rfa1 $17 Rec8 29. Ra8 Nd6 30. Rxc8+ Rxc8 31. Rb1 Nf5 32. Nf3 Rc4 33. Kg2 Qc7 34. Qa3 Rc2+ 35. Kg1 Rc3 36. b6 Qc8 37. Rb3 Rxb3 38. Qxb3 Qc1+ 39. Kg2 Qxf4 40. Qa4 Ne3+ 41. Kf2 Ng4+ 42. Kg2 Ne3+ 43. Kf2 Ng4+ 44. Kg2 Ne3+ 1/2-1/2

[Event "360 One Wealth GP-4 2024"]
[Site "Mumbai"]
[Date "2024.03.16"]
[Round "6.4"]
[White "Ram Vishal Parab"]
[Black "Muthe Dhruv"]
[Result "1-0"]
[ECO "B50"]
[WhiteElo "1807"]
[BlackElo "1539"]
[Annotator "NA RC"]
[PlyCount "86"]
[EventDate "2024.03.10"]
[EventCountry "IND"]
[SourceTitle "playchess.com"]
[Source "ChessBase"]
[SourceQuality "1"]
[TimeControl "5400+30"]

1. e4 c5 2. Nf3 d6 3. c3 Nf6 4. h3 g6 5. Bd3 Nc6 6. Bc2 e5 {[%emt 0:02:42] B50: Sicilian: 2...d6, Miscellaneous.} 7. O-O Bg7 8. d4 cxd4 9. cxd4 exd4 10. Nxd4 O-O 11. Nxc6 {[%emt 0:02:22] 11.Nxc6 is better than 11.Nc3.} bxc6 12. Nc3 Qc7 $146 ({Predecessor:} 12... Re8 13. Re1 a5 14. Bf4 d5 15. exd5 Rxe1+ 16. Qxe1 Nxd5 17. Rd1 Be6 18. Be5 Bxe5 19. Qxe5 {0-1 Martinez Alcantara,J (2619)-Giri,A (2775) Bullet Chess Winners blitz 2023 (1.4)}) 13. Bf4 Rd8 14. Qd2 Nh5 15. Bg5 Bf6 16. Be3 Rb8 17. Bb3 Be6 18. g4 Ng7 19. f4 h5 20. Bxe6 fxe6 21. gxh5 Nxh5 22. Qf2 Rb7 23. Rac1 Rdb8 24. b3 Qa5 25. Nb1 Rc8 26. Qg2 Bh4 27. Qg4 Qd8 28. Qxe6+ Kh8 29. Rcd1 Re7 30. Qg4 Rxe4 31. Bxa7 Ra8 32. Nc3 Re8 33. Bd4+ Kh7 34. Rd3 Ra5 35. Kh2 Rf5 36. Rg1 Nxf4 37. Re3 Rxe3 38. Bxe3 Qf6 39. Ne4 Qb2+ 40. Kh1 $18 Qe5 41. Qxh4+ Rh5 42. Qxf4 Qd5 43. Kh2 Qe6 1-0

[Event "360 One Wealth GP-4 2024"]
[Site "Mumbai"]
[Date "2024.03.16"]
[Round "6.5"]
[White "Vihaan Ravi Rao"]
[Black "Soni Atharv"]
[Result "0-1"]
[ECO "C13"]
[WhiteElo "1532"]
[BlackElo "1684"]
[Annotator "NA RC"]
[PlyCount "78"]
[EventDate "2024.03.10"]
[EventCountry "IND"]
[SourceTitle "playchess.com"]
[Source "ChessBase"]
[SourceQuality "1"]
[TimeControl "5400+30"]

1. e4 e6 2. d4 d5 3. Nc3 Nf6 4. Bg5 dxe4 5. Nxe4 Be7 6. Nxf6+ Bxf6 7. Bxf6 Qxf6 8. Nf3 O-O 9. Bd3 c5 10. O-O Nc6 11. c3 cxd4 12. Nxd4 Nxd4 13. cxd4 g6 14. Qa4 Rd8 15. Rac1 Qxd4 16. Qxd4 Rxd4 17. Rfd1 e5 18. Rc7 Be6 19. Bc2 Rxd1+ 20. Bxd1 Rd8 21. Bc2 Bxa2 22. Rxb7 Rc8 23. Bd3 Rc1+ 24. Bf1 Bc4 25. h3 Rxf1+ 26. Kh2 Rxf2 27. Rxa7 Bd5 28. Kg1 Rxg2+ 29. Kf1 Rxb2 30. Rc7 Bg2+ 31. Kg1 Bxh3 32. Rc1 e4 33. Re1 f5 34. Re3 Bg4 35. Rg3 Bf3 36. Rh3 f4 37. Rh4 g5 38. Rh6 e3 39. Re6 Rb1+ 0-1

[Event "360 One Wealth GP-4 2024"]
[Site "Mumbai"]
[Date "2024.03.16"]
[Round "6.6"]
[White "Arjun Singh"]
[Black "Pasbola Samvid"]
[Result "1-0"]
[ECO "A36"]
[WhiteElo "1602"]
[BlackElo "1538"]
[Annotator "NA RC"]
[PlyCount "120"]
[EventDate "2024.03.10"]
[EventCountry "IND"]
[SourceTitle "playchess.com"]
[Source "ChessBase"]
[SourceQuality "1"]
[TimeControl "5400+30"]

1. e4 c5 2. c4 e6 3. Nc3 Nc6 4. g3 Nge7 5. Bg2 a6 6. Nge2 g6 7. d3 Bg7 8. Be3 Nd4 9. Rb1 O-O 10. O-O d6 11. f4 f5 12. a3 Rb8 13. b4 Qc7 14. Kh1 Bd7 15. Rc1 b6 16. Bxd4 cxd4 17. Nb1 a5 18. b5 Rfe8 19. Nd2 e5 20. Nb3 Kh8 21. a4 Be6 22. fxe5 dxe5 23. c5 Bxb3 24. Qxb3 bxc5 25. Rc2 Qd6 26. Rfc1 Rbc8 27. Qa3 Bh6 28. Rb1 Qb6 29. Nc1 Rc7 30. Nb3 Rec8 31. Rf1 Be3 32. Rc4 Kg7 33. Qa1 Kh8 34. Qe1 Ra7 35. exf5 gxf5 36. h3 Kg7 37. Na1 Qe6 38. Nb3 Qb6 39. Qe2 Qd6 40. Qc2 Kg6 41. g4 fxg4 42. Be4+ Kg7 43. Qg2 Rg8 44. Qxg4+ Kh8 45. Qh5 Ng6 46. Rxc5 Rag7 47. Bxg6 Qxg6 48. Qxg6 Rxg6 49. Rxe5 Rg3 50. Rh5 Bf2 51. Rxf2 Rxd3 52. Nxa5 Ra3 53. b6 Rxa4 54. b7 Rb4 55. Rc5 d3 56. Rc8 Rb1+ 57. Kh2 Rb5 58. h4 Rb4 59. Kh3 d2 60. Rxd2 Rb1 1-0

[Event "360 One Wealth GP-4 2024"]
[Site "Mumbai"]
[Date "2024.03.16"]
[Round "6.7"]
[White "Vivek Ashok Jadhav"]
[Black "Prranamya S Panagaonkar"]
[Result "1-0"]
[ECO "A48"]
[WhiteElo "1559"]
[BlackElo "1471"]
[Annotator "NA RC"]
[PlyCount "75"]
[EventDate "2024.03.10"]
[EventCountry "IND"]
[SourceTitle "playchess.com"]
[Source "ChessBase"]
[SourceQuality "1"]
[TimeControl "5400+30"]

1. d4 Nf6 2. Bf4 g6 3. Nf3 Bg7 4. Nbd2 d6 5. e4 O-O 6. h3 Nc6 7. c3 Nh5 8. Bh2 e5 9. d5 Ne7 10. Bd3 Nf4 11. Bxf4 exf4 12. O-O f5 13. Re1 fxe4 14. Nxe4 Nf5 15. Neg5 Re8 16. Ne6 Bxe6 17. dxe6 Qf6 18. Qb3 Rab8 19. Rad1 Re7 20. Bb5 h6 21. Bd7 g5 22. Rd5 Qf8 23. Qc2 Be5 24. Nxe5 dxe5 25. Rdxe5 Nh4 26. f3 Qf6 27. Qe4 Ng6 28. Rf5 Qh8 29. Qc4 Qg7 30. Rf7 Rxf7 31. exf7+ Kh7 32. Re8 Ne5 33. Bf5+ Ng6 34. Rxb8 Qe5 35. Bxg6+ Kxg6 36. f8=Q Qe1+ 37. Qf1 Qe3+ 38. Kh1 1-0

[Event "360 One Wealth GP-4 2024"]
[Site "Mumbai"]
[Date "2024.03.16"]
[Round "6.8"]
[White "Boricha Yohan"]
[Black "Milind Parle"]
[Result "1-0"]
[ECO "C54"]
[WhiteElo "1840"]
[BlackElo "1642"]
[Annotator "NA RC"]
[PlyCount "71"]
[EventDate "2024.03.10"]
[EventCountry "IND"]
[SourceTitle "playchess.com"]
[Source "ChessBase"]
[SourceQuality "1"]
[TimeControl "5400+30"]

1. e4 e5 2. Nf3 Nc6 3. Bc4 Bc5 4. c3 Bb6 5. O-O d6 6. d3 Nf6 7. a4 O-O {[%emt 0:01:51] 7...a5 gains popularity. C54: Giuoco Piano: 4 c3 Nf6, main lines with 5 d4 and 5 d3.} 8. Re1 a6 9. Bg5 h6 10. Be3 Bxe3 11. Rxe3 $146 ({Predecessor:} 11. fxe3 Qe7 12. Nbd2 Bd7 13. d4 Rad8 14. b4 Rfe8 15. d5 Nb8 16. b5 axb5 17. Bxb5 Bxb5 18. axb5 {0-1 Horn,C (1113)-Marape,N (1588) Africa-ch U18 Girls 2019 (9.5)}) 11... Ne7 12. h3 Ng6 13. Bb3 Qe7 14. Nbd2 Be6 15. Bc2 Rad8 16. d4 c6 17. b4 Qc7 18. c4 Nf4 19. Qb1 N6h5 20. Qb2 f6 21. Nh4 g5 22. Nf5 Kh7 23. Kh2 Bxf5 24. exf5 d5 $16 (24... exd4 $1 $11 25. Qxd4 c5) 25. dxe5 d4 26. Ree1 d3 27. Bd1 fxe5 28. g3 Ne2 29. Bxe2 dxe2 30. Rxe2 Ng7 31. g4 Rd4 32. Rae1 Rfd8 33. Kg2 c5 34. Nf3 Rxc4 35. Rxe5 cxb4 36. Re7 1-0

[Event "360 One Wealth GP-4 2024"]
[Site "Mumbai"]
[Date "2024.03.16"]
[Round "6.9"]
[White "Kapadi Yash"]
[Black "Sunil, Vaidya"]
[Result "1-0"]
[ECO "D78"]
[WhiteElo "1779"]
[BlackElo "1640"]
[Annotator "NA RC"]
[PlyCount "83"]
[EventDate "2024.03.10"]
[EventCountry "IND"]
[SourceTitle "playchess.com"]
[Source "ChessBase"]
[SourceQuality "1"]
[TimeControl "5400+30"]

1. d4 d5 2. Nf3 Nf6 3. g3 g6 4. Bg2 Bg7 5. O-O O-O 6. c4 c6 7. Nc3 Ne4 8. Qb3 dxc4 9. Qxc4 Nxc3 10. bxc3 Nd7 11. e4 Qc7 12. Ba3 b5 13. Qe2 Nb6 14. Rfd1 Bg4 15. h3 Be6 16. Rac1 Bh6 17. Rb1 Bc4 18. Qc2 f6 19. Nd2 Bf7 20. Nb3 Nc4 21. Bc1 Bg7 22. d5 c5 23. Bf1 f5 24. Bxc4 bxc4 25. Nd2 f4 26. g4 h5 27. Nxc4 hxg4 28. hxg4 f3 29. e5 Bxe5 30. Qe4 Bh2+ 31. Kh1 Kg7 32. d6 Bxd6 33. Nxd6 exd6 34. Rb7 Qd8 35. Qxf3 Qe8 36. c4 Rh8+ 37. Kg1 Kg8 38. Rxf7 Qxf7 39. Qxa8+ Kh7 40. Qh1+ Kg8 41. Qd5 Rh4 42. f3 1-0

[Event "360 One Wealth GP-4 2024"]
[Site "Mumbai"]
[Date "2024.03.16"]
[Round "6.10"]
[White "Isaiah Chris Nazareth"]
[Black "Yuti Mayur Patel"]
[Result "1-0"]
[ECO "C78"]
[WhiteElo "1698"]
[BlackElo "1621"]
[Annotator "NA RC"]
[PlyCount "141"]
[EventDate "2024.03.10"]
[EventCountry "IND"]
[SourceTitle "playchess.com"]
[Source "ChessBase"]
[SourceQuality "1"]
[TimeControl "5400+30"]

1. e4 e5 2. Nf3 Nc6 3. Bb5 a6 4. Ba4 Nf6 5. d3 b5 6. Bb3 Bc5 7. c3 d6 8. O-O h6 9. h3 O-O 10. Nbd2 Bb6 11. Re1 Ne7 12. Bc2 Ng6 13. Nf1 c5 14. d4 Qc7 15. d5 c4 16. Ng3 Re8 17. Be3 Nf4 18. Qd2 Bxe3 19. fxe3 Ng6 20. Rf1 Qb6 21. Kh1 a5 22. Qf2 b4 23. Ba4 Rf8 24. Bc6 Rb8 25. Nd2 Qc5 26. Qe2 bxc3 27. bxc3 Ne7 28. Ba4 Ba6 29. a3 Rb2 30. Rf3 Nh7 31. Nb3 Rxb3 32. Bxb3 cxb3 33. Qxa6 Qxc3 34. Rb1 b2 35. Qb6 Qc8 36. Kh2 Ng5 37. Rf2 Qc3 38. Rfxb2 Qxa3 39. Qb3 Qc5 40. Rc2 Qa7 41. Qb6 Qa8 42. Qxd6 Ng6 43. Rcb2 Qa7 44. Qb6 Qd7 45. Qxa5 Nh4 46. Nf5 Nxf5 47. exf5 Qxf5 48. Rb8 Rxb8 49. Rxb8+ Kh7 50. Qd2 Ne4 51. Qc2 Qg6 52. g4 h5 53. Qc8 Qg5 54. Qf5+ Qxf5 55. gxf5 Nd6 56. Rd8 Nxf5 57. d6 Nxd6 58. Rxd6 f6 59. h4 Kg6 60. e4 Kh7 61. Kg3 Kh6 62. Rd8 Kh7 63. Kf3 g6 64. Ke3 g5 65. hxg5 fxg5 66. Rd5 Kg6 67. Rxe5 h4 68. Kf3 h3 69. Kg3 g4 70. Kxg4 Kf6 71. Rh5 1-0

[Event "360 One Wealth GP-4 2024"]
[Site "Mumbai"]
[Date "2024.03.16"]
[Round "6.11"]
[White "Ishan Roy"]
[Black "Butala Krish"]
[Result "0-1"]
[ECO "C84"]
[WhiteElo "1609"]
[BlackElo "1659"]
[Annotator "NA RC"]
[PlyCount "122"]
[EventDate "2024.03.10"]
[EventCountry "IND"]
[SourceTitle "playchess.com"]
[Source "ChessBase"]
[SourceQuality "1"]
[TimeControl "5400+30"]

1. e4 e5 2. Nf3 Nc6 3. Bb5 a6 4. Ba4 Nf6 5. d3 b5 6. Bb3 Be7 7. a4 b4 8. a5 d6 9. O-O O-O 10. Nbd2 Rb8 11. Nc4 h6 12. c3 bxc3 13. bxc3 Be6 14. Re1 Nh7 15. d4 exd4 16. cxd4 Bf6 17. Qd3 Nxd4 18. Nxd4 Bxd4 19. Ra2 d5 20. exd5 Qxd5 21. Rd2 Rfd8 22. Red1 Bxf2+ 23. Kxf2 Qc5+ 24. Qe3 Qxe3+ 25. Nxe3 Rxd2+ 26. Rxd2 Bxb3 27. Rd7 Rc8 28. Nf5 Nf6 29. Rd3 Bc2 30. Ne7+ Kf8 31. Nxc8 Bxd3 32. Na7 Be4 33. Ba3+ Ke8 34. Nc8 Ng8 35. g3 Kd7 36. Ke3 Bc2 37. Na7 g6 38. Bf8 Nf6 39. Kd4 h5 40. Kc5 Be4 41. Bh6 Ng4 42. Bf4 Nxh2 43. Kd4 f5 44. Kc5 Nf3 45. Kc4 g5 46. Be3 h4 47. gxh4 gxh4 48. Nb5 axb5+ 49. Kxb5 h3 50. Bf4 h2 51. Bxh2 Nxh2 52. a6 f4 53. a7 f3 54. Kc5 f2 55. Kd4 Ba8 56. Ke3 f1=Q 57. Kd2 Be4 58. Kc3 Qd3+ 59. Kb2 Qd4+ 60. Kc1 Qc3+ 61. Kd1 Bf3# 0-1